Map: Acid Plant LE

Players

BananenBaum

  • Race: Terran Terran
  • League: Master
  • Spawn Location: 5:00

Isszul - Winner!

  • Race: Zerg Zerg
  • Spawn Location: 11:00

VOD

Have the link to the VOD?

Description

Time

  • Played on: Feb. 2, 2018, 11:21 a.m.
  • Length: 13:36
Show
View Real Time Build Order
Export as new Build Order

BananenBaum Terran 

Build Orders: Reaper Expand, MMM Bio 

Get SALT Encoding   

  12  0:00  SCV  
  13  0:14  SCV  
  14  0:17  Supply Depot  
  14  0:26  SCV  
  15  0:38  SCV  
  15  0:39  Barracks  
  16  0:45  Refinery  
  16  0:50  SCV  
  17  1:03  SCV  
  18  1:15  SCV  
  19  1:27  Reaper, Orbital Command  
  20  1:41  Command Center  
  20  1:51  Barracks  
  20  1:54  SCV  
  20  1:59  Barracks Reactor  
  21  2:06  Supply Depot  
  21  2:07  SCV  
  22  2:12  Refinery  
  22  2:19  SCV  
  23  2:28  Factory  
  23  2:31  SCV  
  23  2:35  Marine  
  23  2:36  Marine  
  26  2:39  Barracks Tech Lab  
  26  2:45  SCV  
  27  2:55  Orbital Command  
  27  2:57  Marine x2  
  29  2:58  Marine  
  29  3:02  SCV  
  31  3:12  Stimpack  
  31  3:15  SCV  
  32  3:21  Marine x3  
  32  3:25  Starport  
  32  3:27  Factory Reactor  
  35  3:29  SCV  
  35  3:31  SCV  
  37  3:38  Marine  
  37  3:39  Marine x2  
  40  3:43  SCV x2  
  42  3:52  Supply Depot  
  42  3:55  SCV  
  43  3:56  Marine  
  43  3:57  Supply Depot  
  43  3:59  Marine x2  
  46  4:08  SCV  
  46  4:14  Factory Tech Lab, Medivac x2, SCV  
  51  4:24  Engineering Bay  
  51  4:28  SCV, Engineering Bay  
  51  4:29  SCV  
  51  4:30  Supply Depot  
  53  4:32  Marine x2  
  53  4:34  Marine  
  56  4:40  SCV  
  56  4:41  Supply Depot  
  56  4:42  Liberator  
  57  4:56  Marine x3  
  54  5:25  Supply Depot  
  54  5:28  Marine x3  
  56  5:35  Siege Tank  
  58  5:55  Marine  
  58  5:56  Marine  
  54  5:57  Marine  
  53  6:13  Marine  
  53  6:14  Marine  
  53  6:15  Marine  
  54  6:31  Marine x2  
  54  6:33  Marine  
  54  6:42  Barracks  
  54  6:43  Barracks x2  
  54  6:44  Orbital Command  
  54  6:55  Marine x3, Siege Tank  
  54  6:57  Combat Shields, Engineering Bay x2  
  60  7:03  Medivac  
  62  7:16  Marine  
  62  7:45  Supply Depot  
  62  7:46  Supply Depot  
  62  7:50  Liberator  
  62  8:07  Marine x5, SCV x2  
  62  8:09  Supply Depot  
  73  8:13  Supply Depot, Terran Infantry Weapons Level 1, Terran Infantry Armor Level 1  
  73  8:17  Siege Tank  
  73  8:19  SCV  
  76  8:25  Marine, Barracks Reactor  
  76  8:26  Marine, Barracks Tech Lab  
  78  8:27  Barracks Reactor  
  78  8:30  SCV  
  78  8:31  SCV  
  80  8:35  Marine  
  80  8:36  Command Center  
  81  8:42  Marine  
  81  8:44  Marine  
  81  8:45  Marine  
  84  8:53  Marine  
  79  8:57  Concussive Shells  
  79  8:59  Medivac  
  79  9:00  Marine  
  79  9:01  Marine  
  83  9:03  Marine  
  83  9:09  SCV  
  86  9:10  SCV  
  86  9:11  Marine  
  86  9:14  Marine, Medivac  
  86  9:15  Marine x2, Armory  
  86  9:16  Marine  
  93  9:18  Marine, Supply Depot  
  93  9:19  Supply Depot  
  93  9:21  Supply Depot  
  94  9:29  Marine  
  94  9:30  Refinery x2, Supply Depot, SCV x2  
  87  9:32  Marauder  
  86  9:39  Marine x5  
  86  9:42  SCV x2  
  93  9:47  Marauder  
  95  9:55  Marine x2  
  95  9:56  Marine  
  98  10:00  Marine x3  
  98  10:01  Marine  
  98  10:06  Medivac x2  
  106  10:08  Marauder  
  106  10:13  Marine x2  
  110  10:27  Marine  
  110  10:28  Marine x4  
  113  10:29  Siege Tank  
  113  10:35  Marine x3  
  83  10:57  Marine x5  
  82  11:17  Marine x4  
  84  11:29  Marine x4  
  84  11:31  Siege Tank  
  84  11:32  Medivac x2  
  95  11:34  Marine  
  74  12:10  Marine x4  
  63  12:21  Marine x3  
  63  12:22  Marine  
  67  12:28  Marine x2  
  67  12:29  Marine  
  59  12:34  Marine  
  51  12:39  Marine x4  
  37  13:02  Marine  
Show
View Real Time Build Order
Export as new Build Order

Isszul Zerg - Winner!

Build Orders: Hatch First, Zergling Baneling 

Get SALT Encoding   

  12  0:00  Drone  
  13  0:12  Overlord  
  13  0:18  Drone  
  14  0:31  Drone x2  
  14  0:35  Drone  
  17  0:52  Hatchery  
  17  0:54  Drone  
  17  0:57  Drone  
  18  1:09  Extractor  
  17  1:13  Spawning Pool  
  17  1:15  Drone  
  17  1:19  Drone  
  18  1:28  Drone  
  19  1:39  Overlord  
  19  1:50  Drone  
  20  1:59  Queen  
  20  2:00  Zergling x2  
  23  2:03  Queen  
  23  2:04  Zergling x2  
  26  2:09  Metabolic Boost  
  26  2:11  Drone  
  27  2:28  Hatchery  
  27  2:30  Drone  
  27  2:40  Drone x2  
  29  2:46  Pneumatized Carapace  
  29  2:48  Drone x2  
  31  2:54  Drone x2  
  33  2:59  Overlord  
  33  3:03  Drone  
  34  3:06  Drone  
  35  3:13  Drone  
  35  3:14  Overlord  
  35  3:18  Drone x2  
  35  3:19  Drone  
  39  3:21  Drone  
  39  3:23  Drone  
  39  3:26  Drone  
  42  3:31  Overlord  
  42  3:34  Extractor  
  42  3:38  Baneling Nest  
  42  3:39  Evolution Chamber  
  40  3:43  Queen  
  42  3:49  Queen  
  42  3:50  Zergling x2  
  42  3:51  Zergling x2  
  46  4:01  Zergling x10  
  51  4:06  Queen  
  51  4:08  Drone x2  
  55  4:10  Zergling x2  
  57  4:17  Zergling x6  
  57  4:23  Queen  
  61  4:35  Queen  
  61  4:36  Zergling x6  
  66  4:39  Baneling  
  66  4:40  Baneling x7  
  66  5:06  Overlord  
  66  5:07  Overlord x4  
  66  5:19  Queen  
  66  5:23  Baneling x2  
  66  5:33  Zergling x4  
  66  5:34  Zergling x14  
  74  5:46  Zergling x4  
  74  5:47  Zergling x2  
  67  5:56  Zergling x4  
  62  6:00  Zergling x2  
  59  6:06  Zergling x6  
  62  6:12  Lair  
  62  6:14  Extractor x2  
  60  6:20  Baneling x2  
  49  6:41  Zergling x4  
  49  6:42  Zergling x14  
  53  6:47  Drone x3  
  53  6:48  Drone x6  
  62  6:57  Zerg Melee Weapons Level 1  
  62  7:07  Extractor  
  61  7:10  Drone x4  
  61  7:12  Drone x2, Hatchery  
  66  7:18  Drone x9  
  74  7:35  Drone x6  
  80  7:37  Spore Crawler  
  80  7:39  Spore Crawler, Centrifical Hooks  
  80  7:41  Spore Crawler  
  80  7:42  Zergling x2  
  80  7:43  Hydralisk Den  
  76  7:50  Zergling x2  
  76  7:51  Overlord, Zergling x8  
  81  7:52  Overlord x4  
  81  7:58  Extractor  
  80  7:59  Extractor  
  79  8:06  Overlord x2  
  79  8:11  Drone x2, Evolution Chamber  
  80  8:12  Hatchery, Hydralisk  
  80  8:13  Hydralisk, Muscular Augments  
  80  8:16  Hydralisk x4  
  91  8:20  Drone  
  91  8:21  Drone x2  
  91  8:26  Drone x2  
  96  8:29  Queen  
  96  8:33  Hydralisk x3  
  104  8:35  Baneling  
  100  8:42  Zergling x8  
  100  8:43  Zergling x2  
  105  8:56  Hatchery  
  104  9:06  Hydralisk x3  
  110  9:15  Drone x5  
  115  9:22  Zerg Ground Armor Level 1  
  115  9:26  Grooved Spines  
  115  9:40  Queen  
  115  9:41  Drone x5  
  122  9:50  Hydralisk x2  
  122  9:51  Hydralisk  
  128  9:57  Overlord  
  128  9:58  Infestation Pit  
  127  10:00  Drone x3  
  127  10:06  Overlord  
  128  10:19  Zergling x6  
  128  10:20  Zergling x14  
  128  10:21  Zergling x2  
  139  10:23  Baneling x4  
  139  10:28  Zergling x6  
  142  10:42  Zergling x24  
  146  10:49  Zergling x14  
  137  10:52  Zergling x4  
  137  10:55  Zergling x6  
  137  10:57  Baneling x4  
  137  10:58  Baneling x2  
  137  11:01  Zergling x4  
  137  11:02  Zergling x2  
  136  11:11  Zergling x12  
  131  11:18  Zergling x8  
  130  11:29  Zergling x14  
  130  11:31  Baneling x10  
  130  11:32  Baneling x9  
  136  11:37  Hive  
  112  12:17  Zergling x20  
  112  12:18  Zergling x40  
  114  12:30  Zergling x10  
  115  12:43  Zergling x4  
  115  12:44  Zergling x8  
  117  12:47  Zergling x6  
  108  12:54  Zergling x6  
  107  13:06  Zergling x10  
  107  13:15  Baneling x2  
Tags
 
Add a new tag
Caveats
  • Supply blocks, unpowered buildings, or Contaminate may cause inaccurate times.
  • Supply counts are checked every 10 seconds.